 Dungeon Crawl Stone Soup version 0.18-a0-1685-g4482fe3 (webtiles) character file.

204 Ebgish the Insei (level 5, -3/26 HPs)
             Began as a Vine Stalker Transmuter on Apr 4, 2016.
             Slain by a gnoll
             ... wielding a +0 flail
              (7 damage)
             ... on level 4 of the Dungeon.
             The game lasted 00:11:00 (2854 turns).

Ebgish the Insei (Vine Stalker Transmuter)          Turns: 2854, Time: 00:11:01

Health: -3/26      AC:  3    Str: 13      XL:     5   Next: 82%
Magic:  0/10       EV: 12    Int: 12 (13) God:
Gold:   162        SH:  0    Dex: 15      Spells: 2 memorised, 7 levels left

rFire  . . .     SeeInvis .       - Unarmed
rCold  . . .     Gourm    .     e - +0 leather armour
rNeg   . . .     Faith    .     (no shield)
rPois  .         Spirit   +     (no helmet)
rElec  .         Dismiss  .     (no cloak)
rCorr  .         Reflect  .     (no gloves)
SustAt .         Harm     .     (no boots)
MR     .....                    (no amulet)
Stlth  +.........               (no ring)
                                (no ring)

@: not resistant to hostile enchantments, very unstealthy
A: fangs 2, regeneration 1, magic shield, antimagic bite, no device heal 3, rot
immunity
a: no special abilities


You were on level 4 of the Dungeon.
You were hungry.

You visited 1 branch of the dungeon, and saw 4 of its levels.

You collected 162 gold pieces.

Inventory:

Hand Weapons
 f - a +0 blowgun
Missiles
 a - 56 arrows
 k - 10 poisoned needles
 n - 10 arrows of flame
Armour
 b - a +0 robe
 e - a +0 leather armour (worn)
Scrolls
 i - 2 scrolls of remove curse
 j - 2 scrolls of teleportation
 l - 2 scrolls of magic mapping
 o - a scroll of blinking {unknown}
 p - a scroll of identify
Books
 c - a book of Changes

   Spells                             Type                      Level
   a - Beastly Appendage              Transmutation                1
   b - Sticks to Snakes               Transmutation                2
   c - Spider Form                    Transmutation/Poison         3
   d - Ice Form                       Ice/Transmutation            4
   e - Blade Hands                    Transmutation                5
Comestibles
 d - 2 bread rations
 g - 3 fruits
 h - a meat ration
 m - a beef jerky


   Skills:
 * Level 2.0 Fighting
 * Level 1.7 Armour
 + Level 1.9 Dodging
 + Level 0.3 Stealth
 * Level 4.0 Unarmed Combat
 + Level 3.2 Spellcasting
 + Level 2.7 Transmutations


You had 7 spell levels left.
You knew the following spells:

 Your Spells              Type           Power        Failure   Level  Hunger
a - Beastly Appendage     Trmt           #.....       12%         1    #......
b - Sticks to Snakes      Trmt           #.......     17%         2    ###....


Dungeon Overview and Level Annotations

Branches:
Dungeon (4/15)
 Temple: D:4-7

Altars:
Cheibriados
Ru
Vehumet

Annotations:
D:2 Sigmund


Innate Abilities, Weirdness & Mutations

You have extremely sharp teeth.
Your natural rate of healing is unusually fast.
When hurt, damage is shared between your health and your magic reserves.
Your bite disrupts and absorbs the magic of your enemies.
Potions and wands cannot restore your health.
You are immune to rotting.


Message History

You feel invigorated.
The gnoll is heavily wounded.
The gnoll hits you with a flail!
You barely miss the gnoll. You claw the gnoll, but do no damage.
The gnoll is heavily wounded.
You hit the gnoll but do no damage. You claw the gnoll.
Your bite misses the gnoll.
The gnoll is heavily wounded.
The gnoll closely misses you.
You hit the gnoll. Your kick misses the gnoll. Your bite misses the gnoll.
The gnoll is severely wounded.
Your talons disappear.
The gnoll hits you with a flail!
* * * LOW HITPOINT WARNING * * *
You are too injured to fight recklessly!
You are too injured to fight recklessly!
You barely miss the gnoll.
The gnoll is severely wounded.
The gnoll hits you with a flail!
You die...

#......#.# #####
#......... #...#
#.<....# #.#.#
#.#...##
######.#.# #.##.##
.........# #. ....
######...# ##
#.###
####...######.####
#.............@g.#
#.###.###..#####.#
##.###.# #..# ..
#......# #..# #.#
#...#### #..# #
##....### #..#
..............
##..........##
#.#.########


You could see a gnoll.

Vanquished Creatures
  Jessica (D:2)
  A worker ant (D:4)
  2 gnolls (D:4)
  5 adders
  2 oozes
  4 dart slugs
  A giant gecko (D:3)
  An orc (D:3)
  A ball python (D:1)
  5 bats
  4 giant cockroaches
  8 goblins
  6 hobgoblins
  8 jackals
  A quokka (D:3)
  4 giant newts
  6 kobolds
  14 rats
74 creatures vanquished.

Notes
Turn   | Place    | Note
--------------------------------------------------------------
     0 | D:1      | Ebgish the Vine Stalker Transmuter began the quest for the Orb.
     0 | D:1      | Reached XP level 1. HP: 9/9 MP: 4/4
    85 | D:1      | Reached skill level 1 in Fighting
    90 | D:1      | Reached XP level 2. HP: 10/14 MP: 3/6
   126 | D:1      | Learned a level 2 spell: Sticks to Snakes
   354 | D:1      | Reached XP level 3. HP: 10/18 MP: 5/7
   994 | D:2      | Found a snail-covered altar of Cheibriados.
  1089 | D:2      | Reached XP level 4. HP: 17/22 MP: 9/9
  1221 | D:2      | Noticed Sigmund
  1475 | D:2      | Noticed Jessica
  1482 | D:2      | Killed Jessica
  1482 | D:2      | Reached skill level 1 in Armour
  1542 | D:2      | Found a radiant altar of Vehumet.
  1853 | D:3      | Reached skill level 4 in Unarmed Combat
  1861 | D:3      | Reached XP level 5. HP: 25/25 MP: 10/10
  2205 | D:3      | Found a sacrificial altar of Ru.
  2518 | D:4      | Noticed a phantom
  2854 | D:4      | Slain by a gnoll

Vault maps used:
D:1:      zelgadis_glass_arrival_large, minivault_19
D:2:      vehumet_crystals, cheibriados_altar_1, uniq_jessica, uniq_sigmund
D:3:      nicolae_ru_sacrificial_ziggurat
D:4:      first_bread

Skill      XL: |  1  2  3  4  5 |
---------------+----------------+-----
Fighting       | 1 2 |  2.0
Armour         | 1 |  1.7
Spellcasting   | 3 |  3.2
Unarmed Combat | 4 |  4.0
Dodging        | |  1.9
Stealth        | |  0.3
Transmutations | |  2.7

Action                   |  1- 3 |  4- 6 || total
-------------------------+-------+-------++-------
Melee: Unarmed           |   108 |    94 ||   202
 Cast: Beastly Appendage |    10 |    19 ||    29
       Sticks to Snakes  |     1 |     7 ||     8
  Use: Potion            |     3 |     4 ||     7
       Scroll            |     5 |     2 ||     7
 Stab: Sleeping          |     2 |       ||     2
  Eat: Chunk             |     1 |     6 ||     7
